| TOP OF THE 1ST |
|
Cleveland (APP) Indians batting - Pitching for Burlington Royals : RHP Ryan Robbins
|
|
Pitching: RHP Ryan Robbins
|
|
|
Batting: RHB Justin Teague
|
0-0: Ball 1-0: Swinging Strike 1-1: Ball 2-1: Called Strike 2-2: Ball 3-2: Ground out 6-3 (Groundball, 6, EV 82.5 MPH)
|
|
Batting: RHB Tony Gonzales
|
0-0: Ball 1-0: Ball 2-0: Called Strike 2-1: Foul Ball, location: 2F 2-2: Ball 3-2: Foul Ball, location: 2F 3-2: Strikes out swinging
|
|
Batting: RHB Andy Lewis
|
0-0: SINGLE (Line Drive, 6MD, EV 105.6 MPH)
|
|
Batting: LHB Mesfin Azagba
|
0-0: Ball 1-0: Called Strike 1-1: Ball 2-1: Foul Ball, location: 2F 2-2: Ball 3-2: Ground out 6-3 (Groundball, 6S, EV 88.8 MPH)
|
| Top of the 1st over - 0 runs, 1 hit, 0 errors, 1 left on base; Cleveland (APP) 0 - Burlington 0 |
| BOTTOM OF THE 1ST |
|
Burlington Royals batting - Pitching for Cleveland (APP) Indians : LHP Enrique Espinoza
|
|
Pitching: LHP Enrique Espinoza
|
|
|
Batting: RHB Shura Mogilny
|
0-0: Called Strike 0-1: Ball 1-1: Fly out, F8 (Flyball, 8LM, EV 89.4 MPH)
|
|
Batting: RHB Tim Williams
|
0-0: Fly out, F8 (Flyball, 8LXD, EV 93.8 MPH)
|
|
Batting: RHB Hugo Chavez
|
0-0: Fly out, F9 (Flyball, 9LM, EV 92.5 MPH)
|
| Bottom of the 1st over - 0 runs, 0 hits, 0 errors, 0 left on base; Cleveland (APP) 0 - Burlington 0 |
| TOP OF THE 2ND |
|
Cleveland (APP) Indians batting - Pitching for Burlington Royals : RHP Ryan Robbins
|
|
Batting: RHB Eric Kuck
|
0-0: Foul Ball, location: 2F 0-1: Ball 1-1: Foul Ball, location: 2F 1-2: Foul Ball, location: 2F 1-2: Foul Ball, location: 2F 1-2: Foul Ball, location: 2F 1-2: Ball 2-2: Ball 3-2: SOLO HOME RUN (Flyball, 7LD, EV 96.9 MPH), Distance : 342 ft
|
|
Batting: SHB Luis de Leon
|
0-0: Swinging Strike 0-1: Ball 1-1: Ball 2-1: Ball 3-1: Swinging Strike 3-2: Strikes out swinging
|
|
Batting: RHB Xavier Bartolani
|
0-0: Swinging Strike 0-1: Ball 1-1: Swinging Strike 1-2: Strikes out swinging
|
|
Pitching: RHP Jerry Yusko
|
|
|
Batting: LHB Mario Garza
|
0-0: Called Strike 0-1: Called Strike 0-2: Strikes out swinging
|
| Top of the 2nd over - 1 run, 1 hit, 0 errors, 0 left on base; Cleveland (APP) 1 - Burlington 0 |
| BOTTOM OF THE 2ND |
|
Burlington Royals batting - Pitching for Cleveland (APP) Indians : LHP Enrique Espinoza
|
|
Batting: SHB Alex Cavazos
|
0-0: Called Strike 0-1: Swinging Strike 0-2: Ball 1-2: Strikes out looking
|
|
Batting: LHB Jayden Pelayo
|
0-0: Ball 1-0: Swinging Strike 1-1: Swinging Strike 1-2: Strikes out swinging
|
|
Batting: RHB Masakuni Takeuchi
|
0-0: Ball 1-0: Fly out, F7 (Flyball, 78S, EV 97.5 MPH)
|
| Bottom of the 2nd over - 0 runs, 0 hits, 0 errors, 0 left on base; Cleveland (APP) 1 - Burlington 0 |
| TOP OF THE 3RD |
|
Cleveland (APP) Indians batting - Pitching for Burlington Royals : RHP Jerry Yusko
|
|
Batting: RHB Russ Kennett
|
0-0: Foul Ball, location: 2F 0-1: Ball 1-1: Ground out 5-3 (Groundball, 56, EV 87.5 MPH)
|
|
Batting: RHB Justin Teague
|
0-0: Ball 1-0: Ball 2-0: Called Strike 2-1: Ball 3-1: Foul Ball, location: 2F 3-2: Base on Balls
|
|
Batting: RHB Tony Gonzales
|
0-0: Ball 1-0: Ball 2-0: Called Strike 2-1: Called Strike 2-2: Fielders Choice at 2nd, 6-4 (Groundball, 6, EV 88.1 MPH)
|
|
Batting: RHB Andy Lewis
|
0-0: Ball 1-0: Called Strike 1-1: Foul Ball, location: 2F 1-2: Ball 2-2: Ball 3-2: 2-RUN HOME RUN (Flyball, 7D, EV 97.5 MPH), Distance : 387 ft
|
|
Batting: LHB Mesfin Azagba
|
0-0: Called Strike 0-1: Ground out 6-3 (Groundball, 6, EV 77.5 MPH)
|
| Top of the 3rd over - 2 runs, 1 hit, 0 errors, 0 left on base; Cleveland (APP) 3 - Burlington 0 |
| BOTTOM OF THE 3RD |
|
Burlington Royals batting - Pitching for Cleveland (APP) Indians : LHP Enrique Espinoza
|
|
Batting: RHB Juan Nieves
|
0-0: Called Strike 0-1: SOLO HOME RUN (Flyball, 78XD, EV 97.5 MPH), Distance : 400 ft
|
|
Batting: RHB Jason Conner
|
0-0: Ground out U3 (Groundball, 34, EV 85.6 MPH)
|
|
Batting: RHB Dermott Ayliffe
|
0-0: Foul Ball, location: 2F 0-1: Ball 1-1: Swinging Strike 1-2: Strikes out swinging
|
|
Batting: RHB Shura Mogilny
|
0-0: Called Strike 0-1: Ground out 6-3 (Groundball, 56, EV 86.2 MPH)
|
| Bottom of the 3rd over - 1 run, 1 hit, 0 errors, 0 left on base; Cleveland (APP) 3 - Burlington 1 |
| TOP OF THE 4TH |
|
Cleveland (APP) Indians batting - Pitching for Burlington Royals : RHP Jerry Yusko
|
|
Batting: RHB Eric Kuck
|
0-0: Called Strike 0-1: Called Strike 0-2: Ball 1-2: Ball 2-2: Strikes out looking
|
|
Batting: SHB Luis de Leon
|
0-0: Ball 1-0: Called Strike 1-1: Ball 2-1: Swinging Strike 2-2: Strikes out swinging
|
|
Batting: RHB Xavier Bartolani
|
0-0: Ball 1-0: Called Strike 1-1: Called Strike 1-2: Strikes out swinging
|
| Top of the 4th over - 0 runs, 0 hits, 0 errors, 0 left on base; Cleveland (APP) 3 - Burlington 1 |
| BOTTOM OF THE 4TH |
|
Burlington Royals batting - Pitching for Cleveland (APP) Indians : LHP Enrique Espinoza
|
|
Batting: RHB Tim Williams
|
0-0: Ball 1-0: Ball 2-0: Swinging Strike 2-1: SINGLE (Groundball, 56D, EV 110.6 MPH)
|
|
Batting: RHB Hugo Chavez
|
0-0: Grounds into double play, 4-6-3 (Groundball, 4, EV 84.4 MPH)
|
|
Batting: SHB Alex Cavazos
|
0-0: Ball 1-0: Called Strike 1-1: SINGLE (Groundball, 34D, EV 102.5 MPH)
|
|
Batting: LHB Jayden Pelayo
|
0-0: Foul Ball, location: 2F 0-1: Ball 1-1: Ball 2-1: SINGLE (Flyball, 7LS, EV 95.6 MPH) Alex Cavazos to second
|
|
Batting: RHB Masakuni Takeuchi
|
0-0: DOUBLE (Flyball, 78D, EV 105.6 MPH) Alex Cavazos scores Jayden Pelayo to third
|
|
Batting: RHB Juan Nieves
|
0-0: Swinging Strike 0-1: Ball 1-1: Foul Ball, location: 2F 1-2: Foul Ball, location: 2F 1-2: SINGLE (Groundball, 56D, EV 103.8 MPH) Jayden Pelayo scores Masakuni Takeuchi to third Runner from 3rd tries for Home, SAFE, throw by LF to home Juan Nieves to second
|
|
Batting: RHB Jason Conner
|
0-0: Ground out 6-3 (Groundball, 56D, EV 106.9 MPH)
|
| Bottom of the 4th over - 3 runs, 5 hits, 0 errors, 1 left on base; Cleveland (APP) 3 - Burlington 4 |
| TOP OF THE 5TH |
|
Cleveland (APP) Indians batting - Pitching for Burlington Royals : RHP Jerry Yusko
|
|
Batting: LHB Mario Garza
|
0-0: Called Strike 0-1: Called Strike 0-2: Fly out, F8 (Line Drive, 89M, EV 90.6 MPH)
|
|
Batting: RHB Russ Kennett
|
0-0: SINGLE (Groundball, 6MS, EV 64.4 MPH) (infield hit)
|
|
Pitching: RHP Jordan Viveros
|
|
|
Batting: RHB Justin Teague
|
0-0: Ball 1-0: Called Strike Russ Kennett steals 2nd base (no throw) 1-1: Foul Ball, location: 2F 1-2: Hit by Pitch
|
|
Batting: RHB Tony Gonzales
|
0-0: Ball Russ Kennett steals 3rd base 1-0: Ball 2-0: Ball 3-0: Base on Balls Justin Teague to second
|
|
Batting: RHB Andy Lewis
|
0-0: Ball 1-0: Ball 2-0: Ball 3-0: Base on Balls Russ Kennett scores Justin Teague to third Tony Gonzales to second
|
|
Batting: LHB Mesfin Azagba
|
0-0: Ball 1-0: Foul Ball, location: 2F 1-1: Foul Ball, location: 2F 1-2: Ball 2-2: Fielders Choice at 2nd, 5-4 (Groundball, 5, EV 91.2 MPH) Justin Teague scores Tony Gonzales to third
|
|
Pitching: RHP Obiniana Gaters
|
|
|
Batting: RHB Eric Kuck
|
0-0: Called Strike 0-1: Foul Ball, location: 2F 0-2: Ball 1-2: Foul Ball, location: 2F 1-2: Foul Ball, location: 2F 1-2: Ball 2-2: Foul Ball, location: 2F 2-2: Ball 3-2: Foul Ball, location: 2F 3-2: Ground out 5-3 (Groundball, 56, EV 103.8 MPH)
|
| Top of the 5th over - 2 runs, 1 hit, 0 errors, 2 left on base; Cleveland (APP) 5 - Burlington 4 |
| BOTTOM OF THE 5TH |
|
Burlington Royals batting - Pitching for Cleveland (APP) Indians : LHP Enrique Espinoza
|
|
Batting: RHB Dermott Ayliffe
|
0-0: Ball 1-0: Ball 2-0: Ball 3-0: Base on Balls
|
|
Batting: RHB Shura Mogilny
|
0-0: Ball 1-0: Ball 2-0: Called Strike 2-1: Foul Ball, location: 2F 2-2: Strikes out swinging
|
|
Batting: RHB Tim Williams
|
0-0: Called Strike 0-1: Ball 1-1: Ball 2-1: Foul Ball, location: 2F 2-2: Ball 3-2: Foul Ball, location: 2F 3-2: Foul Ball, location: 2F 3-2: Fielders Choice at 2nd, 6-4 (Groundball, 6, EV 81.2 MPH)
|
|
Batting: RHB Hugo Chavez
|
0-0: Called Strike 0-1: Ball 1-1: Ball 2-1: Ball 3-1: Called Strike 3-2: Strikes out swinging
|
| Bottom of the 5th over - 0 runs, 0 hits, 0 errors, 1 left on base; Cleveland (APP) 5 - Burlington 4 |
| TOP OF THE 6TH |
|
Cleveland (APP) Indians batting - Pitching for Burlington Royals : RHP Obiniana Gaters
|
|
Batting: SHB Luis de Leon
|
0-0: Ball 1-0: Foul Ball, location: 2F 1-1: Swinging Strike 1-2: Foul Ball, location: 2F 1-2: Ball 2-2: Ball 3-2: Strikes out looking
|
|
Batting: RHB Xavier Bartolani
|
0-0: Called Strike 0-1: Called Strike 0-2: Ball 1-2: Ball 2-2: Foul Ball, location: 2F 2-2: Strikes out swinging
|
|
Batting: LHB Mario Garza
|
0-0: Called Strike 0-1: Called Strike 0-2: Ball 1-2: Ball 2-2: Strikes out swinging
|
| Top of the 6th over - 0 runs, 0 hits, 0 errors, 0 left on base; Cleveland (APP) 5 - Burlington 4 |
| BOTTOM OF THE 6TH |
|
Burlington Royals batting - Pitching for Cleveland (APP) Indians : LHP Enrique Espinoza
|
|
Batting: SHB Alex Cavazos
|
0-0: Foul Ball, location: 2F 0-1: Ball 1-1: Ball 2-1: Ground out 6-3 (Groundball, 6, EV 101.2 MPH)
|
|
Batting: LHB Jayden Pelayo
|
0-0: Swinging Strike 0-1: Ground out U3 (Groundball, 3, EV 85.6 MPH)
|
|
Batting: RHB Masakuni Takeuchi
|
0-0: Called Strike 0-1: Ground out 6-3 (Groundball, 6, EV 87.5 MPH)
|
| Bottom of the 6th over - 0 runs, 0 hits, 0 errors, 0 left on base; Cleveland (APP) 5 - Burlington 4 |
| TOP OF THE 7TH |
|
Cleveland (APP) Indians batting - Pitching for Burlington Royals : RHP Obiniana Gaters
|
|
Batting: RHB Russ Kennett
|
0-0: Ball 1-0: Ball 2-0: Called Strike 2-1: Ball 3-1: Foul Ball, location: 2F 3-2: SINGLE (Groundball, 56, EV 105.6 MPH)
|
|
Batting: RHB Justin Teague
|
0-0: Ball Russ Kennett steals 2nd base 1-0: Ball Wild Pitch! Russ Kennett to third 2-0: Swinging Strike 2-1: Ball 3-1: Foul Ball, location: 2F 3-2: Base on Balls
|
|
Pitching: LHP Brett Reed
|
|
|
Batting: RHB Tony Gonzales
|
0-0: Foul Ball, location: 2F 0-1: SINGLE (Groundball, 34D, EV 103.1 MPH) Russ Kennett scores Justin Teague to second Runner from 2nd tries for 3rd, SAFE, throw by RF made to third
|
|
Batting: RHB Andy Lewis
|
0-0: Called Strike 0-1: SINGLE (Groundball, 3D, EV 94.4 MPH) Justin Teague scores Tony Gonzales to second Runner from 2nd tries for 3rd, SAFE, throw by RF made to third
|
|
Pinch Hitting: RHB Luke Burnham
|
0-0: Ball 1-0: Ball 2-0: Called Strike 2-1: Swinging Strike 2-2: Ball 3-2: Strikes out looking
|
|
Batting: RHB Eric Kuck
|
0-0: Called Strike Andy Lewis is caught stealing 2nd base 2-4 0-1: Ball 1-1: Called Strike 1-2: Foul Ball, location: 2F 1-2: Ball 2-2: Foul Ball, location: 2F 2-2: Ball 3-2: Base on Balls
|
|
Batting: SHB Luis de Leon
|
0-0: Ball 1-0: Ball 2-0: Foul Ball, location: 2F 2-1: Ball 3-1: 3-RUN HOME RUN (Flyball, 78XD, EV 102.5 MPH), Distance : 414 ft
|
|
Batting: RHB Xavier Bartolani
|
0-0: Ball 1-0: Ball 2-0: Called Strike 2-1: Swinging Strike 2-2: Strikes out swinging
|
| Top of the 7th over - 5 runs, 4 hits, 0 errors, 0 left on base; Cleveland (APP) 10 - Burlington 4 |
| BOTTOM OF THE 7TH |
|
Burlington Royals batting - Pitching for Cleveland (APP) Indians : LHP Enrique Espinoza
|
|
Now at 3B: Luke Burnham
|
|
|
Batting: RHB Juan Nieves
|
0-0: Ball 1-0: DOUBLE (Groundball, 5L, EV 100.0 MPH)
|
|
Batting: RHB Jason Conner
|
0-0: Swinging Strike 0-1: Ball 1-1: Called Strike 1-2: Strikes out looking
|
|
Batting: RHB Dermott Ayliffe
|
0-0: Ball 1-0: Called Strike 1-1: Called Strike 1-2: Ball 2-2: SINGLE (Line Drive, 34D, EV 97.5 MPH) Juan Nieves to third Runner from 3rd tries for Home, throw by RF and OUT! 9-2
|
|
Batting: RHB Shura Mogilny
|
0-0: Ball 1-0: Swinging Strike 1-1: Ball 2-1: Swinging Strike 2-2: Strikes out swinging
|
| Bottom of the 7th over - 0 runs, 2 hits, 0 errors, 1 left on base; Cleveland (APP) 10 - Burlington 4 |
| TOP OF THE 8TH |
|
Cleveland (APP) Indians batting - Pitching for Burlington Royals : LHP Brett Reed
|
|
Batting: LHB Mario Garza
|
0-0: Ball 1-0: Called Strike 1-1: Ball 2-1: Foul Ball, location: 2F 2-2: Ball 3-2: Foul Ball, location: 2F 3-2: Strikes out swinging
|
|
Batting: RHB Russ Kennett
|
0-0: Called Strike 0-1: Foul Ball, location: 2F 0-2: Ball 1-2: Ball 2-2: Strikes out swinging
|
|
Batting: RHB Justin Teague
|
0-0: Ball 1-0: Called Strike 1-1: Ball 2-1: Foul Ball, location: 2F 2-2: Foul Ball, location: 2F 2-2: Foul Ball, location: 2F 2-2: Foul Ball, location: 2F 2-2: Foul Ball, location: 2F 2-2: Foul Ball, location: 2F 2-2: Ball 3-2: Foul Ball, location: 2F 3-2: Foul Ball, location: 2F 3-2: Base on Balls
|
|
Batting: RHB Tony Gonzales
|
0-0: Called Strike 0-1: Fly out, F9 (Flyball, 9S, EV 77.5 MPH)
|
| Top of the 8th over - 0 runs, 0 hits, 0 errors, 1 left on base; Cleveland (APP) 10 - Burlington 4 |
| BOTTOM OF THE 8TH |
|
Burlington Royals batting - Pitching for Cleveland (APP) Indians : LHP Enrique Espinoza
|
|
Batting: RHB Tim Williams
|
0-0: Foul Ball, location: 2F 0-1: Ball 1-1: Ball 2-1: Fly out, F7 (Flyball, 7LM, EV 80.6 MPH)
|
|
Batting: RHB Hugo Chavez
|
0-0: Foul Ball, location: 2F 0-1: Foul Ball, location: 2F 0-2: Ground out U3 (Groundball, 3, EV 92.5 MPH)
|
|
Batting: SHB Alex Cavazos
|
0-0: Called Strike 0-1: Swinging Strike 0-2: Strikes out swinging
|
| Bottom of the 8th over - 0 runs, 0 hits, 0 errors, 0 left on base; Cleveland (APP) 10 - Burlington 4 |
| TOP OF THE 9TH |
|
Cleveland (APP) Indians batting - Pitching for Burlington Royals : LHP Brett Reed
|
|
Pitching: RHP Itsuki Eguchi
|
|
|
Batting: RHB Andy Lewis
|
0-0: Called Strike 0-1: Swinging Strike 0-2: Ball 1-2: Fly out, F8 (Flyball, 8RD, EV 96.9 MPH)
|
|
Batting: RHB Luke Burnham
|
0-0: Ball 1-0: Ball 2-0: Swinging Strike 2-1: Foul Ball, location: 2F 2-2: Foul Ball, location: 2F 2-2: Ball 3-2: Foul Ball, location: 2F 3-2: Base on Balls
|
|
Batting: RHB Eric Kuck
|
0-0: Ball 1-0: Ball 2-0: Ball 3-0: Called Strike 3-1: Base on Balls Luke Burnham to second
|
|
Batting: SHB Luis de Leon
|
0-0: Foul Ball, location: 2F 0-1: Swinging Strike 0-2: Strikes out swinging
|
|
Batting: RHB Xavier Bartolani
|
0-0: Ball Wild Pitch! Luke Burnham to third Eric Kuck to second 1-0: Ball 2-0: Called Strike 2-1: Fly out, F9 (Flyball, 9, EV 93.8 MPH)
|
| Top of the 9th over - 0 runs, 0 hits, 0 errors, 2 left on base; Cleveland (APP) 10 - Burlington 4 |
| BOTTOM OF THE 9TH |
|
Burlington Royals batting - Pitching for Cleveland (APP) Indians : LHP Enrique Espinoza
|
|
Pitching: LHP Oscar Moreno
|
|
|
Batting: LHB Jayden Pelayo
|
0-0: Swinging Strike 0-1: Foul Ball, location: 2F 0-2: Strikes out swinging
|
|
Batting: RHB Masakuni Takeuchi
|
0-0: Fly out, F8 (Flyball, 8LXD, EV 109.4 MPH)
|
|
Batting: RHB Juan Nieves
|
0-0: Swinging Strike 0-1: Swinging Strike 0-2: Ball 1-2: Foul Ball, location: 2F 1-2: Fly out, F8 (Flyball, 8RD, EV 97.5 MPH)
|
| Bottom of the 9th over - 0 runs, 0 hits, 0 errors, 0 left on base; Cleveland (APP) 10 - Burlington 4 |
|